AoeStats
← oogaboogawherdayat

Arena

510022410Analyzed
3v3 RM · 4d ago on Sep 29, 2026· 52m 0s· 6 players
Game mode
Random Map
Map size
Normal (6 player)
Population
200
Speed
Normal
Resources
Standard
Victory
Conquest
Starting age
Dark Age
Ending age
Imperial Age
RankedLock teamsTeams togetherTeam positionsShared explorationLock speedFull tech treeHidden civsTurbo modeCheats
Victory
Defeat
🇺🇸 Hindustanis · United States
1217
+14
🇺🇸 Lithuanians · United States
1174
+16
🇺🇸 Khmer · United States
1166
+16
🇭🇰 Franks · Hong Kong SAR China
1232
-17
🇺🇸 Gurjaras · United States
1180
-16
🇲🇽 Teutons · Mexico
1102
-13
oogaboogawherdayat
0:29 Loom
11:56 Feudal Age
14:05 Double-Bit Axe
14:02 Horse Collar
18:50 Castle Age
17:34 Gold Mining
18:04 Bloodlines
18:46 Scale Barding Armor
20:09 Wheelbarrow
20:21 Forging
25:24 Hand Cart
25:05 Town Watch
29:16 Imperial Age
27:05 Husbandry
27:07 Fletching
28:14 Bow Saw
28:29 Bodkin Arrow
29:09 Stone Mining
31:11 Conscription
30:33 Heavy Camel Rider
32:05 Bracer
33:17 Chain Barding Armor
34:01 Masonry
34:34 Plate Barding Armor
34:36 Iron Casting
34:31 Scale Mail Armor
37:59 Ballistics
38:06 Elite Chakram Thrower
42:46 Architecture
43:16 Fortified Wall
44:59 Onager
Stephen Ocka
0:41 Loom
11:06 Feudal Age
11:49 Double-Bit Axe
11:49 Horse Collar
17:38 Castle Age
16:26 Stone Mining
19:43 Gold Mining
23:48 Scale Mail Armor
25:43 Heavy Plow
27:04 Wheelbarrow
32:05 Imperial Age
30:07 Fortified Wall
30:25 Hand Cart
29:56 Town Watch
30:29 Forging
31:46 Masonry
31:37 Fletching
32:03 Town Patrol
31:33 Elite Skirmisher
32:16 Padded Archer Armor
33:13 Conscription
33:56 Bow Saw
34:09 Guilds
35:03 Chemistry
36:41 Chain Mail Armor
37:13 Bodkin Arrow
38:10 Stone Shaft Mining
38:07 Leather Archer Armor
40:23 Ring Archer Armor
40:50 Chain Mail Armor
41:10 Iron Casting
42:13 Hoardings
43:19 Heavy Mounted Crossbowman
44:40 Scale Barding Armor
45:17 Crossbowman
empty
4:03 Loom
11:03 Feudal Age
15:47 Castle Age
16:23 Double-Bit Axe
17:15 Bow Saw
17:47 Gold Mining
19:28 Forging
21:51 Fervor
21:51 Scale Barding Armor
22:48 Town Watch
25:06 Wheelbarrow
25:50 Gold Shaft Mining
27:03 Hand Cart
31:56 Imperial Age
30:24 Chain Barding Armor
30:22 Town Patrol
30:28 Husbandry
31:05 Iron Casting
30:56 Stone Mining
32:04 Cavalier
33:45 Blast Furnace
34:14 Plate Barding Armor
34:36 Conscription
34:42 Paladin
40:13 Pikeman
40:53 Squires
41:53 Halberdier
43:01 Scale Mail Armor
44:13 Chain Mail Armor
43:43 Light Cavalry
48:53 Plate Mail Armor
jscheng35
10:32 Feudal Age
14:53 Castle Age
13:21 Double-Bit Axe
13:44 Horse Collar
15:03 Light Cavalry
17:55 Husbandry
21:42 Fervor
21:56 Bow Saw
24:01 Wheelbarrow
23:11 Town Watch
26:03 Bloodlines
30:15 Imperial Age
27:58 Heavy Plow
28:17 Hand Cart
28:34 Padded Archer Armor
28:45 Forging
28:41 Scale Barding Armor
29:12 Gold Mining
29:12 Stone Mining
29:14 Loom
30:16 Leather Archer Armor
30:57 Iron Casting
31:26 Gold Shaft Mining
31:26 Stone Shaft Mining
31:56 Chemistry
30:35 Heavy Camel Rider
31:44 Conscription
31:52 Shatagni
32:47 Ring Archer Armor
33:52 Imperial Camel Rider
35:23 Chain Barding Armor
36:03 Thumb Ring
38:45 Blast Furnace
38:41 Plate Barding Armor
38:52 Hoardings
38:46 Fletching
38:56 Elite Skirmisher
39:38 Elite Ghulam
40:29 Scale Mail Armor
43:44 Siege Elephant
44:39 Bodkin Arrow
45:03 Masonry
44:48 Murder Holes
44:59 Siege Engineers
48:58 Bracer
49:14 Chain Mail Armor
49:42 Fortified Wall
49:52 Ballistics
Wise Frog
11:37 Feudal Age
15:01 Castle Age
12:50 Double-Bit Axe
12:47 Horse Collar
14:30 Loom
18:07 Wheelbarrow
22:44 Hand Cart
23:25 Stone Mining
23:28 Gold Mining
24:38 Town Watch
25:55 Gold Shaft Mining
25:55 Stone Shaft Mining
26:06 Bow Saw
25:59 Heavy Plow
29:34 Imperial Age
27:40 Scale Barding Armor
29:38 Fortified Wall
29:49 Ballistics
29:25 Murder Holes
29:41 Masonry
29:53 Chain Barding Armor
29:25 Fletching
30:24 Double Crossbow
30:45 Conscription
30:48 Bloodlines
30:38 Husbandry
29:59 Light Cavalry
31:13 Forging
32:17 Plate Barding Armor
31:56 Elite Ballista Elephant
33:05 Siege Engineers
34:13 Iron Casting
33:39 Scale Mail Armor
35:46 Hoardings
36:15 Blast Furnace
35:16 Scale Mail Armor
34:42 Pikeman
35:19 Hussar
37:29 Chemistry
37:00 Architecture
36:28 Bodkin Arrow
37:52 Crop Rotation
38:27 Halberdier
38:54 Arson
42:19 Bracer
moomoothecow
11:34 Feudal Age
15:36 Castle Age
14:22 Horse Collar
15:04 Double-Bit Axe
20:05 Gold Mining
21:15 Loom
21:16 Town Watch
22:14 Forging
22:09 Scale Barding Armor
22:08 Husbandry
22:19 Bloodlines
22:39 Fervor
25:32 Bow Saw
26:23 Wheelbarrow
25:50 Stone Mining
27:24 Fletching
28:10 Iron Casting
29:30 Iron Casting
28:55 Scale Mail Armor
33:40 Imperial Age
31:44 Hand Cart
32:26 Ballistics
32:02 Murder Holes
33:04 Masonry
33:05 Fortified Wall
32:57 Scale Mail Armor
32:28 Pikeman
33:09 Squires
33:49 Halberdier
36:06 Chemistry
35:37 Architecture
35:42 Chain Mail Armor
39:33 Iron Casting
38:49 Fletching
41:04 Conscription
41:20 Hoardings
41:23 Bodkin Arrow
41:48 Chain Barding Armor
42:43 Two-Man Saw
44:02 Bracer
44:26 Heavy Plow
45:14 Chain Barding Armor
46:47 Stone Shaft Mining
45:54 Treadmill Crane
46:53 Plate Barding Armor
46:40 Tower Shields
48:50 Guilds
49:11 Coinage
49:35 Padded Archer Armor
49:10 Crossbowman
49:56 Thumb Ring
51:45 Leather Archer Armor
52:02 Crop Rotation
52:18 Banking
Connection lost

Rejoining the realm…

Still unreachable

The connection could not be restored.

Session expired

The server has moved on; the page needs a fresh start.